AoeStats
← ROKETSAN YeniCeri

Nomad

508876545Analyzed
2v2 RM · 7d ago on Sep 24, 2026· 26m 50s· 4 players
Game mode
Random Map
Map size
176×176
Population
200
Speed
Normal
Resources
Standard
Victory
Conquest
Starting age
Dark Age
Ending age
Imperial Age
RankedLock teamsTeams togetherTeam positionsShared explorationLock speedFull tech treeHidden civsTurbo modeCheats
Victory
Defeat
🇨🇳 Byzantines · China
955
+12
🇨🇳 Varangians · China
852
+15
🇩🇪 Turks · Germany
863
-14
🇬🇧 Persians · United Kingdom
845
-13
Clockwise Haggis
6:09 Loom
15:32 Feudal Age
16:02 Double-Bit Axe
17:43 Bloodlines
20:49 Castle Age
22:13 Town Watch
23:04 Wheelbarrow
25:29 Thumb Ring
24:44 Crossbowman
25:11 Elite Skirmisher
26:16 Husbandry
25:37 Light Cavalry
ROKETSAN YeniCeri
4:57 Loom
15:39 Feudal Age
23:23 Castle Age
28:37 Imperial Age
TKDanis
8:41 Loom
14:43 Feudal Age
19:35 Castle Age
19:59 Horse Collar
20:27 Double-Bit Axe
20:45 Heavy Plow
21:01 Forging
23:05 Iron Casting
酥凉
17:52 Feudal Age
16:33 Loom
22:22 Castle Age
26:51 Horse Collar
Connection lost

Rejoining the realm…

Still unreachable

The connection could not be restored.

Session expired

The server has moved on; the page needs a fresh start.